 Dungeon Crawl Stone Soup version 0.29-a0-356-g7bc237e783 (webtiles) character file.

Game seed: 12205428751822561643

4203 Hubjo the Summoner (level 10, -5/58 HPs)
             Began as a Deep Elf Fire Elementalist on Apr 25, 2022.
             Was an Elder of Nemelex Xobeh.
             Slain by a wyvern (6 damage)
             ... on level 8 of the Dungeon.
             The game lasted 00:26:51 (9035 turns).

Hubjo the Summoner (Deep Elf Fire Elementalist)     Turns: 9035, Time: 00:26:54

Health: -5/58      AC:  6    Str:  5    XL:     10   Next: 8%
Magic:  0/22       EV: 13    Int: 25    God:    Nemelex Xobeh [****..]
Gold:   368        SH:  0    Dex: 17    Spells: 6/23 levels left

rFire   + . .      SeeInvis .   E - +4 dagger (freeze)
rCold   + + .      Faith    .   (no shield)
rNeg    . . .      Spirit   +   k - +0 robe "Wotej" {Harm Rampage *Corrode rC+++}
rPois   +          Reflect  .   l - +2 hat
rElec   .          Harm     +   (no cloak)
rCorr   .          Rampage  +   i - +1 pair of gloves
Will    +....                   (no boots)
Stlth   ++++......              q - amulet of guardian spirit
HPRegen 0.19/turn               g - ring of fire
MPRegen 0.18/turn               (no ring)

@: unable to read
A: clever 1, mutation resistance 1, poison resistance, inability to read while
threatened
a: Renounce Religion, Draw Escape, Draw Destruction, Draw Summoning, Triple
Draw, Deal Four


You were on level 8 of the Dungeon.
You worshipped Nemelex Xobeh.
Nemelex Xobeh was greatly pleased with you.
You visited 1 branch of the dungeon, and saw 8 of its levels.

You collected 368 gold pieces.

Inventory:

Hand Weapons
 C - a +2 mace of draining
 E - a +4 dagger of freezing (weapon)
Armour
 a - a +0 robe
 i - a +1 pair of gloves (worn)
 k - the +0 robe "Wotej" (worn) {Harm Rampage *Corrode rC+++}
   (You found it on level 2 of the Dungeon)

   rC:        It renders you almost immune to cold.
   *Corrode:  It may corrode you when you take damage.
   Harm:      It increases damage dealt and taken.
   Rampage:   It bestows one free step when moving towards enemies.
 l - a +2 hat (worn)
 t - a +0 robe
 A - a +0 leather armour of poison resistance
Jewellery
 f - an amulet of magic regeneration
 g - a ring of fire (left hand)
 q - an amulet of guardian spirit (around neck)
 r - an amulet of the acrobat
Wands
 e - a wand of acid (6)
 u - a wand of polymorph (4)
 x - a wand of flame (30)
 y - a wand of charming (7)
Scrolls
 d - a scroll of identify
 h - 2 scrolls of teleportation
 j - 2 scrolls of immolation
 o - 2 scrolls of amnesia
 p - 2 scrolls of noise
 z - 2 scrolls of fog
 D - a scroll of brand weapon
Potions
 b - a potion of magic
 c - a potion of lignification
 m - a potion of berserk rage
 s - a potion of might
 v - 4 potions of flight
 w - 2 potions of brilliance
 B - 2 potions of resistance


   Skills:
 + Level 4.3 Fighting
 - Level 2.4 Dodging
 + Level 6.9 Stealth
 + Level 7.1 Spellcasting
 + Level 3.1 Conjurations
 + Level 14.2 Summonings
 - Level 5.6 Fire Magic


You had 6 spell levels left.
You knew the following spells:

 Your Spells              Type           Power      Damage    Failure   Level
a - Foxfire               Conj/Fire      100%       2x1d9     1%          1
b - Flame Wave            Conj/Fire      46%        2d10      11%         4
c - Summon Forest         Summ/Tloc      22%        N/A       10%         5
d - Summon Hydra          Summ           34%        N/A       16%         7

Your spell library contained the following spells:

 Spells                   Type           Power      Damage    Failure   Level
 Scorch                   Fire           100%       2d10      1%          2
 Shock                    Conj/Air       64%        1d7       3%          1
 Conjure Flame            Conj/Fire      46%        6-21      3%          3
 Inner Flame              Hex/Fire       34%        N/A       6%          3
 Animate Skeleton         Necr           16%        N/A       7%          1
 Pain                     Necr           32%        1d5       7%          1
 Sandblast                Erth           16%        2d6       7%          1
 Ignite Poison            Fire/Tmut/Pois 27%        N/A       9%          3
 Passwall                 Tmut/Erth      6%         N/A       10%         2
 Sublimation of Blood     Necr           8%         N/A       10%         2
 Stone Arrow              Conj/Erth      32%        3d9       11%         3
 Sticky Flame             Conj/Fire      46%        2d6       11%         4
 Swiftness                Air            8%         N/A       21%         3
 Tukima's Dance           Hex            8%         N/A       21%         3
 Vampiric Draining        Necr           8%         2d6       21%         3
 Airstrike                Air            4%         N/A       54%         4
 Anguish                  Hex/Necr       4%         N/A       54%         4
 Passage of Golubria      Tloc           8%         N/A       54%         4
 Petrify                  Tmut/Erth      8%         N/A       54%         4
 Irradiate                Conj/Tmut      8%         3d16      67%         5
 Spellforged Servitor     Conj/Summ      25%        N/A       83%         7
 Malign Gateway           Summ/Tloc      22%        N/A       96%         7
 Enfeeble                 Hex            4%         N/A       100%        7


Dungeon Overview and Level Annotations

Branches:
Dungeon (8/15)             Temple (0/1) D:4
   Lair: D:8-11

Altars:
Nemelex Xobeh

Shops:
D:4 *   D:5 [

Annotations:
D:4 3 runed translucent doors, HendSelp's ghost, amateur OpTm


Innate Abilities, Weirdness & Mutations

Your mind is acute. (Int +2)
You are somewhat resistant to further mutation.
Your system is resistant to poisons. (rPois)
You sometimes lose the ability to read scrolls when taking damage.


Message History

The wyvern bites you. The wyvern closely misses you.
You hit the wyvern. You freeze the wyvern.
The wyvern is almost dead.
The wyvern bites you.
You barely miss the wyvern.
The wyvern is almost dead.
The wyvern bites you!
* * * LOW HITPOINT WARNING * * *
The wyvern closely misses you.
You hit the wyvern but do no damage.
The wyvern is almost dead.
The wyvern barely misses you.
You hit the wyvern but do no damage.
The wyvern is almost dead.
The wyvern closely misses you.
The wyvern bites you but does no damage.
You draw a card...
You have drawn the Storm.
A fierce wind blows from the card.
You hear a mighty peal of thunder!
The wyvern closely misses you.
You draw a card...
You have drawn the Storm.
A fierce wind blows from the card.
The wyvern is blown away by the wind.
You hear mighty peals of thunder!
You draw a card...
You have drawn the Orb.
Press: ? - help, Shift-Dir - straight line, f - wyvern
Aim: a wyvern (almost dead)
Your orb of destruction hits a rock wall. x3
The wyvern barely misses you. The wyvern bites you!
* * * LOW HITPOINT WARNING * * *
You feel better.
Your orb of destruction hits a rock wall.
The wyvern bites you.
* * * LOW HITPOINT WARNING * * *
You hit the wyvern but do no damage.
The wyvern is almost dead.
Your orb of destruction hits a rock wall.
The wyvern bites you!
* * * LOW HITPOINT WARNING * * *
Your orb of destruction hits a rock wall.
The wyvern bites you.
You die...
Your body disappears without a glow.

#. #. #. #. # #.☼#.
.# ###.☼#.########.#
#......○..#.....#
#.#.○#.○..#.##..#.##
.....°°○.○○○○)......
#......@l....# #.
###########..# #.#.#
######..# #.#..
.........# #.#..
########.# #.#.. #.#
#.#..###### #.#
#.#.......# #.#
####.###.###.## #.#


You could see a wyvern.

Vanquished Creatures
  A two-headed ogre (D:6)
  Eustachio (D:4)
  2 water moccasins (D:6)
  2 orc warriors
  A black bear (D:6)
  An ice beast (D:3)
  A centaur (D:6)
  An ogre (D:7)
  A bullfrog (D:7)
  A gnoll sergeant (D:7)
  A scorpion (D:3)
  2 necrophages (D:7)
  4 wights (D:7)
  5 hounds
  A jelly (D:8)
  3 orc priests
  3 iguanas
  4 orc wizards
  Natasha (thrice) (D:2)
  5 gnolls
  3 adders
  3 ufetubi (D:5)
  2 worms (D:3)
  20 orcs
  3 endoplasms
  A giant cockroach (D:2)
  6 goblins
  8 hobgoblins
  3 jackals (D:1)
  3 ball pythons
  7 bats
  3 frilled lizards
  3 kobolds
  4 rats
112 creatures vanquished.

Vanquished Creatures (collateral kills)
  A komodo dragon (D:6)
  The ghost of Patoropollo the Thaumaturge, a novice DECj of Vehumet (D:6)
  An orc warrior (D:6)
  An ogre (D:6)
  A bullfrog (D:7)
  A gnoll shaman (D:7)
  An orc priest (D:6)
  An iguana (D:6)
  5 gnolls (D:7)
  An orc (D:6)
14 creatures vanquished.

Vanquished Creatures (others)
  An ogre (D:5)
  A bullfrog (D:7)
  491 foxfires
493 creatures vanquished.

Grand Total: 619 creatures vanquished

Notes
Turn   | Place    | Note
-------+----------+-------------------------------------------
     0 | D:1      | Hubjo the Deep Elf Fire Elementalist began the quest for
                  | the Orb.
     0 | D:1      | Reached XP level 1. HP: 10/10 MP: 6/6
   456 | D:1      | Reached XP level 2. HP: 14/16 MP: 2/8
   543 | D:1      | Found a faded altar of an unknown god.
   566 | D:1      | Prayed at the altar of an unknown god.
   566 | D:1      | Became a worshipper of Nemelex Xobeh the Trickster
   566 | D:1      | Reached * piety under Nemelex Xobeh
   838 | D:1      | Received a gift from Nemelex Xobeh
   847 | D:1      | You fall into a shaft and drop 1 floor!
   872 | D:2      | Identified the +0 robe "Wotej" {Harm Rampage *Corrode
                  | rC+++}
   956 | D:1      | Reached skill level 1 in Fighting
  1659 | D:2      | Reached ** piety under Nemelex Xobeh
  1989 | D:2      | Reached XP level 3. HP: 14/20 MP: 7/9
  2146 | D:2      | Noticed Natasha
  2153 | D:2      | Killed Natasha
  2350 | D:2      | Noticed Natasha
  2512 | D:2      | Killed Natasha
  2513 | D:2      | Reached XP level 4. HP: 26/26 MP: 6/11
  2706 | D:2      | Noticed Natasha
  2711 | D:2      | Killed Natasha
  2835 | D:3      | Noticed an ice beast
  2840 | D:3      | Killed an ice beast
  2841 | D:3      | Reached XP level 5. HP: 31/31 MP: 7/13
  2922 | D:3      | Learned a level 4 spell: Flame Wave
  3072 | D:3      | Reached XP level 6. HP: 29/36 MP: 5/14
  3460 | D:3      | Received a gift from Nemelex Xobeh
  3892 | D:3      | Identified a scroll of acquirement
  3894 | D:3      | Acquired the Reference Book on Dislocated Creation
  3902 | D:3      | Learned a level 5 spell: Summon Forest
  3936 | D:4      | Found a runed translucent gate.
  3936 | D:4      | Found a runed translucent gate.
  3937 | D:4      | Found a runed translucent gate.
  3940 | D:4      | Noticed HendSelp's ghost (amateur OpTm)
  3948 | D:4      | Found Weguz's General Store.
  4300 | D:4      | Found a staircase to the Ecumenical Temple.
  4585 | D:4      | Received a gift from Nemelex Xobeh
  4590 | D:4      | Noticed Eustachio
  4698 | D:4      | Killed Eustachio
  4699 | D:4      | Reached skill level 5 in Spellcasting
  4699 | D:4      | Reached skill level 1 in Summonings
  4699 | D:4      | Reached skill level 5 in Fire Magic
  4911 | D:4      | Reached *** piety under Nemelex Xobeh
  5030 | D:5      | Entered Level 5 of the Dungeon
  5045 | D:5      | Gained mutation: You sometimes lose the ability to read
                  | scrolls when taking damage. [potion of mutation]
  5045 | D:5      | Gained mutation: Your body sometimes deteriorates upon
                  | taking damage. [potion of mutation]
  5045 | D:5      | Gained mutation: You occasionally shout uncontrollably at
                  | your foes. [potion of mutation]
  5046 | D:5      | Lost mutation: Your body sometimes deteriorates upon taking
                  | damage. [potion of mutation]
  5046 | D:5      | Lost mutation: You occasionally shout uncontrollably at
                  | your foes. [potion of mutation]
  5046 | D:5      | Gained mutation: Your system is resistant to poisons.
                  | (rPois) [potion of mutation]
  5046 | D:5      | Gained mutation: You are somewhat resistant to further
                  | mutation. [potion of mutation]
  5046 | D:5      | Gained mutation: Your mind is acute. (Int +2) [potion of
                  | mutation]
  5306 | D:5      | Received a gift from Nemelex Xobeh
  5384 | D:5      | Reached XP level 7. HP: 38/41 MP: 5/16
  5387 | D:5      | Reached skill level 5 in Stealth
  5387 | D:5      | Reached skill level 2 in Summonings
  5703 | D:5      | Found Xexuopso's Armour Emporium.
  6477 | D:6      | Reached skill level 13 in Summonings
  6477 | D:6      | Reached XP level 8. HP: 46/46 MP: 18/18
  6486 | D:6      | Learned a level 7 spell: Summon Hydra
  6507 | D:6      | Found a runed translucent door.
  6507 | D:6      | Noticed Patoropollo's ghost (novice DECj)
  6608 | D:6      | Noticed a two-headed ogre
  6886 | D:6      | Received a gift from Nemelex Xobeh
  6950 | D:6      | Killed a two-headed ogre
  6951 | D:6      | Reached skill level 14 in Summonings
  6951 | D:6      | Reached XP level 9. HP: 43/51 MP: 17/20
  7693 | D:6      | Noticed a komodo dragon
  7697 | D:6      | Killed a komodo dragon
  7701 | D:6      | Killed Patoropollo's ghost
  8022 | D:7      | Identified the -1 hand axe of the Glimmering Vulture
                  | {flame, +Blink rPois}
  8200 | D:7      | Reached XP level 10. HP: 51/57 MP: 7/22
  8406 | D:7      | Reached **** piety under Nemelex Xobeh
  8450 | D:7      | Received a gift from Nemelex Xobeh
  9035 | D:8      | HP: 1/58 [wyvern (7)]
  9035 | D:8      | Slain by a wyvern

Illustrated notes

Levels and vault maps discovered:
D:1:      matt_arrival_grand_opening, layout_basic,
          nicolae_ecumenical_lake_church, minmay_pentomino_v4
D:2:      layout_loops_ring, uniq_natasha
D:3:      layout_loops_ring
D:4:      layout_rooms, minmay_temple_entry_grid, gammafunk_ghost_necromancy,
          serial_shops, shop, patterned_corridor, uniq_eustachio
D:5:      layout_loops_ring, serial_shops, nicolae_shop_hallway_stairs,
          dk_noncrumbling_2, hex_medium
D:6:      layout_loops_ring, ebering_ghost_inner_flame, st_stairs_14
D:7:      layout_loops_ring, minmay_misc_feat_room
D:8:      layout_basic

Skill      XL: |  1  2  3  4  5  6  7  8  9 10 |
---------------+-------------------------------+-----
Fighting       | 1 2 3 4 |  4.3
Stealth        | 3 4 5 6 |  6.9
Spellcasting   | 4 5 6 7 |  7.1
Fire Magic     | 4 5 |  5.6
Summonings     | 1 13 14 | 14.2
Conjurations   | 2 3 |  3.1
Dodging        | |  2.4

Action                   |  1- 3 |  4- 6 |  7- 9 | 10-12 || total
-------------------------+-------+-------+-------+-------++-------
Melee: Dagger            |    36 |    34 |    20 |    16 ||   106
       Mace              |       |       |    37 |       ||    37
       Punch             |       |       |     2 |       ||     2
 Cast: Foxfire           |    94 |   116 |   117 |    20 ||   347
       Flame Wave        |       |     1 |     2 |     1 ||     4
       Summon Hydra      |       |       |     5 |     1 ||     6
Invok: Draw Destruction  |       |       |    11 |     4 ||    15
       Draw Summoning    |       |       |     5 |       ||     5
       Draw Escape       |       |       |     1 |       ||     1
Evoke: Wand              |       |     7 |       |       ||     7
  Use: Scroll            |       |    10 |     7 |       ||    17
       Potion            |       |     4 |     7 |     1 ||    12
 Stab: Sleeping          |     2 |       |       |     1 ||     3
       Distracted        |       |     1 |       |       ||     1
Armor: Robe              |    21 |    22 |    26 |     3 ||    72
Dodge: Dodged            |    39 |    55 |    63 |     9 ||   166

Table legend: (Time is in decaauts)
 A = Elapsed time spent in this place.
 B = Non-inter-level travel time spent in this place.
 C = Inter-level travel time spent in this place.
 D = Time resting spent in this place.
 E = Time spent auto-exploring this place.
 F = Levels seen in this place.
 G = Mean time per level.
                   A        B        C        D        E       F      G
               +--------+--------+--------+--------+--------+-----+--------+
         Total |   9053 |   8789 |    264 |    413 |   7014 |   8 | 1131.6 |
       Dungeon |   9053 |   8789 |    264 |    413 |   7014 |   8 | 1131.6 |
               +--------+--------+--------+--------+--------+-----+--------+

Top non-repeatable levels by time:
     D:1: 1560 daAuts
     D:6: 1401 daAuts
     D:5: 1364 daAuts
     D:2: 1212 daAuts
     D:3: 1130 daAuts
     D:4: 1121 daAuts
     D:7: 1095 daAuts
     D:8: 166 daAuts
